 Dungeon Crawl Stone Soup version 0.14-a0-2939-ge0b1554 (webtiles) character file.

5669 Quh the Archer (level 10, -2/68 HPs)
             Began as a Demonspawn Hunter on Mar 3, 2014.
             Was a Priest of Okawaru.
             Slain by Urug
             ... wielding a +2,+3 great sword of draining
              (8 damage)
             ... on Level 10 of the Dungeon.
             The game lasted 01:34:42 (12817 turns).

Quh the Archer (Demonspawn Hunter)                 Turns: 12817, Time: 01:34:42

HP  -2/68        AC  9     Str 18      XL: 10   Next: 34%
MP  19/19        EV 18     Int 15      God: Okawaru [***...]
Gold 477         SH  0     Dex 14      Spells:  0 memorised, 15 levels left

rFire  + . .     SeeInvis .     b - +1 bow
rCold  . . .     Clarity  .     n - +3 leather armour {rF+}
rNeg   . . .     Conserve .     (no shield)
rPois  .         rCorr    .     (no helmet)
rElec  .         rRot     .     (no cloak)
SustAb + .       Spirit   .     (no gloves)
rMut   .         Warding  .     k - +1 pair of dwarf boots
Saprov . . .     Stasis   .     (no amulet)
MR     .....                    D - +1 ring of protection
                                v - ring of sustain abilities

@: repel missiles, mighty, heroism, heavily drained, not resistant to hostile
enchantments, stealthy
A: talons 1, repulsion field 3, conserve scrolls, powered by pain 1
a: Heroism, Renounce Religion


You were on level 10 of the Dungeon.
You worshipped Okawaru.
Okawaru was most pleased with you.
You were hungry.

You visited 1 branch of the dungeon, and saw 10 of its levels.

You collected 477 gold pieces.

Inventory:

Hand weapons
 a - a +1,+2 dagger of draining
 b - a +1,+1 bow (weapon)
 g - the +6,+6 sling of the Doomed Warrior {frost, rC- MR++, unknown}
   (You found it on level 9 of the Dungeon)

   It turns projectiles fired from it into bolts of frost.
   It makes you vulnerable to cold.
   It affects your resistance to hostile enchantments.
 u - a +2,+4 hand axe
 C - a +1,+1 hand axe of freezing
 M - a +1,+0 glaive of venom
 N - the -2,-1 whip "Coavviet" {slash, rPois rN+}
   (You found it on level 7 of the Dungeon)

   It inflicts extra damage upon your enemies.
   It protects you from poison.
   It protects you from negative energy.
 Q - a cursed -3,-3 dagger
Missiles
 c - 91 arrows (quivered)
 i - 27 poisoned arrows
 w - 21 arrows of frost
 O - 14 arrows of dispersal
Armour
 k - a +1 pair of dwarven boots (worn)
 n - a +3 leather armour of fire resistance (worn)
 K - a +1 dwarven cloak
Magical devices
 r - a wand of random effects (8)
 E - a wand of slowing (5)
 G - a wand of magic darts (13)
 J - a wand of fire (4)
 L - a wand of teleportation (3)
 W - a wand of teleportation (4)
Comestibles
 d - 11 grapes
 f - 9 bread rations
 l - 2 meat rations
 o - 4 chunks of orc flesh
 x - 4 honeycombs
 R - a choko
Scrolls
 e - a scroll of fear {unknown}
 m - 2 scrolls of fog {unknown}
 p - 3 scrolls of enchant armour
 q - 5 scrolls of amnesia
 s - 2 scrolls of magic mapping {unknown}
 y - a scroll of noise {unknown}
 z - a scroll of silence {unknown}
 A - a scroll of teleportation {unknown}
Jewellery
 v - a ring of sustain abilities (left hand)
 B - an uncursed amulet of stasis {unknown}
 D - a +1 ring of protection (right hand)
 I - an uncursed ring of fire
Potions
 h - 2 potions of brilliance {unknown}
 j - a potion of restore abilities
 t - a potion of cure mutation {unknown}
 F - a potion of might
 T - a potion of invisibility {unknown}
 V - a potion of agility
Books
 S - a book of Wizardry

   Spells                             Type                      Level
   Summon Elemental                   Summoning                    4
   Agony                              Necromancy                   5
   Force Lance                        Conjuration                  5
   Fireball                           Conjuration/Fire             5
   Haste                              Charms                       6
   Invisibility                       Hexes                        6


   Skills:
 + Level 2.6(6.2) Fighting
 + Level 12.5(15.7) Bows
 - Level 1.7(5.3) Dodging
 - Level 1.2(4.8) Stealth
 + Level 3.2(2.0) Spellcasting
 + Level 4.3(3.0) Invocations
 - Level 4.6(3.3) Evocations


You had 15 spell levels left.
You didn't know any spells.

Dungeon Overview and Level Annotations

Branches:
Dungeon (10/16)            Temple (0/1) D:7            Lair (0/8) D:8
    Orc: D:9-12

Altars:
Okawaru
Zin
The Shining One

Annotations:
D:10 Urug


Innate Abilities, Weirdness & Mutations

You have sharp toenails.
You are surrounded by a strong repulsion field (EV +4, rMsl).
You are very good at protecting items from fire.
You sometimes gain a little power by taking damage.


Message History

You gain the combat prowess of a mighty hero.
You feel slightly more hungry.
Firing (i - inventory. (,) - cycle):
c - 93 arrows (quivered)
Press: ? - help, Shift-Dir - straight line, f/p - Urug
Aim: Urug, wielding a great sword of draining and wearing an orcish ring mail (moderately wounded)
You shoot an arrow. The arrow hits Urug.
Urug is moderately wounded.
Urug hits you with a great sword of draining!
You focus on the pain.
You feel very mighty all of a sudden.
You feel drained.
Firing (i - inventory. (,) - cycle):
c - 92 arrows (quivered)
Press: ? - help, Shift-Dir - straight line, f/p - Urug
Aim: Urug, wielding a great sword of draining and wearing an orcish ring mail (moderately wounded)
You shoot an arrow. The arrow hits Urug.
Urug is moderately wounded.
Urug hits you with a great sword of draining!
* * * LOW HITPOINT WARNING * * *
You focus on the pain.
You feel your power returning.
You feel drained.
You die...

####
##.<#
#.@.#
#o.##
oI###
..oK
...⌠.
....
.. .


You could see Urug, a sky beast, a big kobold and 2 orcs.

Vanquished Creatures
  An item mimic (D:9)
  A troll (D:9)
  A spriggan skeleton (D:9)
  Edmund (D:5)
  2 ice beasts
  3 orc warriors
  3 centaurs
  2 sky beasts (D:6)
  8 ogres
  3 phantoms
  10 big kobolds (D:8)
  A water moccasin (D:3)
  A giant frog (D:7)
  A killer bee (D:9)
  4 wights (D:6)
  A troll skeleton (D:9)
  A quasit (D:7)
  2 goliath beetles
  3 crimson imps (D:7)
  5 hounds
  A giant frog skeleton (D:8)
  A jelly (D:5)
  6 scorpions
  3 centaur skeletons
  6 worker ants
  9 orc priests
  9 orc wizards
  12 adders
  A green rat (D:4)
  An orc skeleton (D:6)
  5 worms
  6 giant mites
  A shadow imp (D:9)
  A giant eyeball (D:9)
  6 giant geckos
  2 oozes
  29 orcs
  3 ball pythons
  9 giant cockroaches
  17 goblins
  16 hobgoblins
  4 jackals (D:2)
  6 quokkas
  16 bats
  6 giant newts
  30 kobolds
  22 rats
282 creatures vanquished.

Vanquished Creatures (others)
  A kobold (D:8)
1 creature vanquished.

Grand Total: 283 creatures vanquished

Notes
Turn   | Place    | Note
--------------------------------------------------------------
     0 | D:1      | Quh, the Demonspawn Hunter, began the quest for the Orb.
     0 | D:1      | Reached XP level 1. HP: 15/15 MP: 1/1
   477 | D:1      | Reached skill level 4 in Bows
   479 | D:1      | Gained mutation: You are very good at protecting items from fire. [demonic ancestry]
   479 | D:1      | Reached XP level 2. HP: 21/21 MP: 2/2
   998 | D:2      | Reached XP level 3. HP: 11/26 MP: 3/3
  1317 | D:2      | Found an iron altar of Okawaru.
  1324 | D:2      | Became a worshipper of Warmaster Okawaru
  1355 | D:2      | Reached skill level 5 in Bows
  1402 | D:2      | Gained mutation: You are surrounded by a mild repulsion field (EV +2). [demonic ancestry]
  1402 | D:2      | Reached XP level 4. HP: 20/32 MP: 4/4
  2207 | D:2      | Found a glowing golden altar of the Shining One.
  2574 | D:3      | Noticed a water moccasin
  3025 | D:3      | HP: 1/32 [poisoned by an adder]
  3364 | D:3      | Gained mutation: You sometimes gain a little power by taking damage. [demonic ancestry]
  3364 | D:3      | Reached XP level 5. HP: 37/37 MP: 5/5
  3423 | D:3      | Killed a water moccasin
  3423 | D:3      | Reached skill level 6 in Bows
  4223 | D:4      | HP: 1/37 [scorpion (4)]
  4540 | D:4      | Gained mutation: You are surrounded by a moderate repulsion field (EV +3). [demonic ancestry]
  4540 | D:4      | Reached XP level 6. HP: 41/43 MP: 6/6
  4836 | D:4      | Noticed a phantom
  4842 | D:4      | Reached skill level 7 in Bows
  4852 | D:4      | Killed a phantom
  5294 | D:4      | Gained mutation: You are surrounded by a strong repulsion field (EV +4, rMsl). [demonic ancestry]
  5294 | D:4      | Reached XP level 7. HP: 40/48 MP: 7/7
  5380 | D:5      | Entered Level 5 of the Dungeon
  5401 | D:5      | Acquired Okawaru's first power
  5401 | D:5      | Reached skill level 8 in Bows
  5637 | D:5      | Noticed Edmund
  5659 | D:5      | Killed Edmund
  5659 | D:5      | Reached skill level 9 in Bows
  6090 | D:5      | Gained mutation: You have sharp toenails. [demonic ancestry]
  6090 | D:5      | Reached XP level 8. HP: 38/54 MP: 8/8
  6738 | D:6      | Reached skill level 10 in Bows
  7237 | D:6      | Reached skill level 11 in Bows
  7928 | D:7      | Reached XP level 9. HP: 55/59 MP: 6/9
  7946 | D:7      | Reached skill level 1 in Evocations
  8427 | D:7      | Reached skill level 1 in Stealth
  8539 | D:7      | Got a bloodstained whip
  8540 | D:7      | Identified the cursed -2,-1 whip "Coavviet" {slash, rPois rN+} (You found it on level 7 of the Dungeon)
  9214 | D:7      | Found a staircase to the Ecumenical Temple.
  9316 | D:8      | Found a glowing silver altar of Zin.
  9364 | D:8      | Found a staircase to the Lair.
  9655 | D:8      | Reached skill level 12 in Bows
  9655 | D:8      | Reached skill level 1 in Spellcasting
  9830 | D:8      | Reached skill level 1 in Invocations
 10023 | D:8      | Received a gift from Okawaru
 10097 | D:8      | HP: 2/59 [poisoned by a big kobold]
 10252 | D:8      | Reached XP level 10. HP: 40/65 MP: 17/17
 10745 | D:9      | Paralysed by a giant eyeball for 4 turns
 11433 | D:9      | Got an iridescent sling
 12802 | D:10     | Entered Level 10 of the Dungeon
 12810 | D:10     | Noticed Urug
 12817 | D:10     | Slain by Urug

Action                   |  1- 3 |  4- 6 |  7- 9 | 10-12 || total
-------------------------+-------+-------+-------+-------++-------
Melee: Short sword       |   134 |   128 |       |       ||   262
       Hand axe          |       |    42 |    60 |       ||   102
       Dagger            |       |       |   133 |    58 ||   191
 Fire: Bow               |     6 |   116 |   393 |   116 ||   631
Invok: Heroism           |       |       |     3 |     3 ||     6
Evoke: Wand              |       |       |     8 |       ||     8
  Use: Scroll            |     2 |     5 |     6 |     1 ||    14
       Potion            |       |     2 |     1 |     1 ||     4
 Stab: Sleeping          |       |       |     1 |       ||     1
